 Dungeon Crawl Stone Soup version 0.29.0-5-ge4962eb29e (webtiles) character file.

Game seed: 11306725486990959180

93 Woods the Trooper (level 4, -5/30 HPs)
             Began as a Gargoyle Fighter on Aug 30, 2022.
             Slain by a gnoll
             ... wielding a +3 halberd of venom
              (8 damage)
             ... on level 2 of the Dungeon.
             The game lasted 00:02:51 (2064 turns).

Woods the Trooper (Gargoyle Fighter)                Turns: 2064, Time: 00:02:52

Health: -5/30      AC: 10    Str: 20    XL:     4   Next: 61%
Magic:  4/4        EV:  9    Int:  8    God:
Gold:   91         SH:  4    Dex: 11    Spells: 3/3 levels left

rFire   . . .      SeeInvis .   a - +0 flail
rCold   . . .      Faith    .   c - +0 buckler
rNeg    + . .      Spirit   .   b - +0 scale mail
rPois   ∞          Reflect  .   (no helmet)
rElec   +          Harm     .   (no cloak)
rCorr   .          Rampage  .   (no gloves)
Will    .....                   (no boots)
Stlth   ..........              (no amulet)
HPRegen 0.10/turn               (no ring)
MPRegen 0.09/turn               (no ring)

@: no status effects
A: sickness immunity, AC +3, negative energy resistance 1, electricity
resistance, torment resistance 1, petrification resistance
a: no special abilities


You were on level 2 of the Dungeon.
You visited 1 branch of the dungeon, and saw 2 of its levels.

You collected 91 gold pieces.

Inventory:

Hand Weapons
 a - a +0 flail (weapon)
Armour
 b - a +0 scale mail (worn)
 c - a +0 buckler (worn)
Scrolls
 e - a scroll of fear {unknown}
 j - 2 scrolls of vulnerability {unknown}
 k - a scroll of brand weapon {unknown}
Potions
 d - 2 potions of might
 f - a potion of degeneration {unknown}
 g - 2 potions of curing {unknown}
 h - 3 potions of heal wounds {unknown}
 i - a potion of magic {unknown}


   Skills:
 + Level 4.6 Fighting
 + Level 3.5 Maces & Flails
 - Level 3.2 Armour
 - Level 3.2 Shields


You had 3 spell levels left.
You didn't know any spells.
Your spell library contained the following spells:

 Spells                   Type           Power      Damage    Failure   Level
 Apportation              Tloc           0%         N/A       85%         1
 Necrotise                Necr           0%         1d4       85%         1
 Summon Small Mammal      Summ           0%         N/A       85%         1
 Petrify                  Tmut/Erth      0%         N/A       100%        4
 Metabolic Englaciation   Hex/Ice        0%         N/A       100%        5
 Statue Form              Tmut/Erth      Unusable   N/A       N/A         6

Dungeon Overview and Level Annotations

Branches:
Dungeon (2/15)

Altars:


Innate Abilities, Weirdness & Mutations

You are immune to sickness and miasma.
Your stone body is resilient. (AC +3)
You are immune to poison.
You resist negative energy. (rN+)
You are resistant to electric shocks. (rElec)
You are resistant to unholy torment.
You are immune to petrification.


Message History

You hit the rat.
The rat is moderately wounded.
The rat barely misses you.
You barely miss the rat.
The rat is moderately wounded.
You block the rat's attack. The rat bites you but does no damage.
You barely miss the rat.
The rat is moderately wounded.
The rat completely misses you.
You hit the rat.
You kill the rat!
Things that are here:
a +0 whip; a rat corpse; a gnoll corpse The gnoll shouts!
There are monsters nearby!
There are monsters nearby!
There are monsters nearby!
You barely miss the gnoll. The gnoll closely misses you.
The gnoll hits you with a +0 flail.
You barely miss the gnoll. The gnoll hits you with a +0 flail.
You closely miss the gnoll. The gnoll hits you with a +0 flail!
You hit the gnoll.
The gnoll is moderately wounded.
The gnoll barely misses you.
You barely miss the gnoll.
The gnoll is moderately wounded.
The gnoll closely misses you. The gnoll hits you with a +0 flail.
You barely miss the gnoll.
The gnoll is moderately wounded.
The gnoll hits you with a +0 flail.
You sock the gnoll!
The gnoll is almost dead.
The gnoll hits you but does no damage.
You hit the gnoll.
You kill the gnoll!
The gnoll attacks as you move away!
The gnoll hits you with a +3 halberd of venom!
* * * LOW HITPOINT WARNING * * *
The gnoll hits you from afar with a +3 halberd of venom!
You die...

.###.# #)# #.#
#.# #....# #.#
#.# #.# .#####
#.# #.# #.#
######## #.###.##
#.# ##.....#
#.##...####.#
##.....#
#...........#
##.(...#
####...######
.......# ##.##
##.....# #@##
#####.# #.#.##
#g# #.###g# #.#
## #.##
#.########.....#
#<.........g###.#
###########. .#
#. .# #. #


You could see a gnoll.

Vanquished Creatures
  An adder (D:2)
  2 gnolls (D:2)
  A dart slug (D:2)
  5 bats
  4 endoplasms
  A giant cockroach (D:2)
  4 goblins
  A hobgoblin (D:1)
  11 jackals
  5 kobolds
  9 quokkas
  6 ball pythons
  A frilled lizard (D:1)
  5 rats
56 creatures vanquished.

Vanquished Creatures (others)
  6 fungi (D:1)
  4 plants (D:1)
10 creatures vanquished.

Grand Total: 66 creatures vanquished

Notes
Turn   | Place    | Note
-------+----------+-------------------------------------------
     0 | D:1      | Woods the Gargoyle Fighter began the quest for the Orb.
     0 | D:1      | Reached XP level 1. HP: 14/14 MP: 1/1
   356 | D:1      | Reached XP level 2. HP: 19/19 MP: 2/2
   817 | D:1      | Reached XP level 3. HP: 20/24 MP: 3/3
   819 | D:1      | Reached skill level 4 in Fighting
   959 | D:1      | Found a faded altar of an unknown god.
  1670 | D:2      | Reached XP level 4. HP: 29/30 MP: 4/4
  2064 | D:2      | Slain by a gnoll

Illustrated notes

Levels and vault maps discovered:
D:1:      dpeg_arrival_renting, layout_basic,
          shapermc_ecumenical_altar_mp_ritualfount,
          chequers_serial_rivers_small_a, minivault_11, minmay_tall_x
D:2:      minmay_wonky_spiral, layout_loops_ring

Skill      XL: |  1  2  3 |
---------------+----------+-----
Fighting       | 4 |  4.6
Maces & Flails | 3 |  3.5
Armour         | |  3.2
Shields        | |  3.2

Action                   |  1- 3 |  4- 6 || total
-------------------------+-------+-------++-------
Melee: Flail             |   127 |    56 ||   183
Armor: Scale mail        |    75 |    43 ||   118
Dodge: Dodged            |    69 |    40 ||   109
Block: Buckler           |    26 |    17 ||    43
